[Event "*** SCC Grand Prix: Titled Tuesday Blitz"]
[Site "Chess.com"]
[Date "2020.10.06"]
[Round "2"]
[White "night_player"]
[Black "Gulkov_Igor"]
[Result "1/2-1/2"]
[WhiteElo "2296"]
[BlackElo "2457"]
[TimeControl "180+1"]
[EndTime "10:19:18 PDT"]
[Termination "Game drawn - insufficient material"]

1. e4 c5 2. c3 Nf6 3. e5 Nd5 4. Bc4 Nb6 5. Bb3 c4 6. Bc2 Nc6 7. Nf3 d5 8. exd6 Qxd6 9. O-O g6 10. b3 Bg7 11. Na3 cxb3 12. axb3 O-O 13. h3 e5 14. Re1 a6 15. Qe2 Be6 16. Nc4 Nxc4 17. bxc4 Rfe8 18. Ba3 Qc7 19. Ng5 Bc8 20. Ne4 Rd8 21. Rab1 b6 22. c5 b5 23. Nd6 Be6 24. Qe4 Rab8 25. f4 f5 26. Qe3 e4 27. d4 Na5 28. Bb4 Nc4 29.
Nxc4 Bxc4 30. Ra1 Qc6 31. Qc1 Ra8 32. Qa3 Qd5 33. Ba5 Rdc8 34. Rab1 Re8 35. Bb3 e3 36. Bxc4 Qxc4 37. Qb3 Qxb3 38. Rxb3 Rac8 39.
Re2 Bh6 40. g3 g5 41. fxg5 Bxg5 42. Kg2 Kf7 43. Bb6 Ke6 44. Ra3 Ra8 45. Rea2 Kd5 46. Kf3 Kc4 47. h4 Bh6 48. Re2 Kd3 49. Bc7 Kc4 50. Bf4 Bg7 51. Rxe3 b4 52. cxb4 Bxd4 53. Rxe8 Rxe8 54. c6 Kxb4 55. Rxa6 Kb5 56. Ra2 Kxc6 57. Rc2+ Kd5 58. Rd2 Kc4 59. Re2 Ra8 60. Be3 Ra3 61. Kf4 Bxe3+ 62. Rxe3 Rxe3 63. Kxe3 Kd5 64. Kf4 Ke6 65. Kg5 Ke5 66. Kh6 Ke4 67. Kxh7 Kf3 68. h5 Kxg3 69. h6 f4 70. Kg7 f3 71. h7 f2 72.
h8=Q f1=Q 73. Qg8 Qa1+ 74. Kf7+ Kf3 75. Qg6 Qa7+ 76. Kf6 Qb6+ 77. Kg5 Qxg6+ 78. Kxg6 1/2-1/2

[Event "*** SCC Grand Prix: Titled Tuesday Blitz"]
[Site "Chess.com"]
[Date "2020.10.06"]
[Round "2"]
[White "Duhless"]
[Black "johnathan113"]
[Result "1-0"]
[WhiteElo "2968"]
[BlackElo "2588"]
[TimeControl "180+1"]
[EndTime "10:19:19 PDT"]
[Termination "Duhless won on time"]

1. d4 Nf6 2. Nf3 g6 3. Bg5 Bg7 4. Nbd2 O-O 5. e3 d6 6. Bc4 Nbd7 7. O-O h6 8. Bh4 e5 9. a4 g5 10. Bg3 e4 11. Ne1 d5 12. Bb3 c6 13. c4 Re8 14.
cxd5 cxd5 15. a5 Nb8 16. Nc2 Nc6 17. Ba4 Bg4 18. Qb1 Rc8 19. a6 bxa6 20. Nb3 h5 21. h3 Be2 22. Re1 Bd3 23. Nc5 h4 24. Bh2 g4 25. Kh1 g3 26. fxg3 hxg3 27. Bxg3 Nh5 28. Bh2 Qg5 29. Qd1 Ng3+ 30. Bxg3 Qxg3 31. Nxd3 exd3 32.
Qxd3 Re6 33. Qf5 Rb8 34. Rf1 Rg6 35. Qxf7+ Kh7 36. Qxd5 Rxb2 37. Qe4 Nb4 38. Ne1 Kh8 39. Rc1 Nd3 40. Rc8+ Kh7 41. Be8 Nf2+ 42. Rxf2 Rxf2 43. Qxg6+ Qxg6 44. Bxg6+ Kxg6 45. Nd3 Rf1+ 46. Kh2 Bh6 47. Rc6+ Kg7 48. Rxa6 Bxe3 49. Rxa7+ Kh6 50.
Ra6+ Kg5 51. Ra5+ Kh6 52. Rd5 Rd1 53. Ne5 Bxd4 54. Ng4+ Kg6 55. Rb5 Bg1+ 56. Kg3 Rd3+ 57. Kh4 Rd4 58. Rg5+ Kh7 59. Rb5 Bf2+ 60. Kh5 Bg3 61.
Rf5 Rd2 62. Nf6+ Kg7 63. Ne4 Rxg2 64. Rg5+ Kh7 65. Nf6+ 1-0

[Event "*** SCC Grand Prix: Titled Tuesday Blitz"]
[Site "Chess.com"]
[Date "2020.10.06"]
[Round "2"]
[White "Mostii"]
[Black "Chessdude1987"]
[Result "1-0"]
[WhiteElo "2430"]
[BlackElo "2233"]
[TimeControl "180+1"]
[EndTime "10:19:19 PDT"]
[Termination "Mostii won on time"]

1. d4 Nf6 2. Nf3 e6 3. g3 d5 4. Bg2 c5 5. O-O Nc6 6. b3 cxd4 7. Nxd4 Bc5 8. Bb2 O-O 9. Nxc6 bxc6 10. Nd2 Bd6 11.
e4 e5 12. exd5 cxd5 13. c4 Be6 14. cxd5 Bxd5 15. Nc4 Bxg2 16. Kxg2 Bc5 17. Bxe5 Qe7 18. Qf3 Nd7 19. Rfe1 Nxe5 20. Rxe5 Qc7 21. Rae1 Rad8 22.
h4 h6 23. R1e2 Bd6 24. Nxd6 Qxd6 25. Re7 Rd7 26. Qe3 Rfd8 27. Re8+ Kh7 28. Qe4+ Qg6 29.
Rxd8 Rxd8 30. h5 Qxe4+ 31. Rxe4 Rd7 32. Ra4 g6 33. hxg6+ Kxg6 34. Ra6+ f6 35. Kh3 h5 36. f4 Kf5 37. Ra5+ Kg6 38. Kh4 Rd1 39. Kh3 Rh1+ 40.
Kg2 Rc1 41. Rxa7 Rc2+ 42. Kf3 Rc3+ 43. Kf2 Rc2+ 44. Kf3 Rc3+ 45. Kg2 Rc2+ 46. Kh3 Rc1 47. Ra5 Rh1+ 48. Kg2 Rc1 49. b4 Rc2+ 50. Kh3 Rb2 51. a3 Rb3 52. Kh4 Rb1 53. Kh3 Rh1+ 54. Kg2 Rb1 55.
Rc5 Rb2+ 56. Kh3 Ra2 57. Ra5 Ra1 58. b5 Rh1+ 59. Kg2 Rb1 60. a4 Kf5 61. Ra8 Rb2+ 62. Kh3 Rb1 63. Rh8 Rh1+ 64. Kg2 Ra1 65. Rxh5+ Kg6 66.
Rh4 f5 67. Rh8 Rxa4 68. Rb8 Ra2+ 69. Kh3 Rb2 70. b6 Kf7 71. b7 Ke7 72. Rh8 Rh2+ 73. Kxh2 1-0

[Event "*** SCC Grand Prix: Titled Tuesday Blitz"]
[Site "Chess.com"]
[Date "2020.10.06"]
[Round "2"]
[White "Evandro_Barbosa"]
[Black "Bigfish1995"]
[Result "0-1"]
[WhiteElo "2614"]
[BlackElo "3115"]
[TimeControl "180+1"]
[EndTime "10:19:23 PDT"]
[Termination "Bigfish1995 won on time"]

1. e4 c6 2. d4 d5 3. Nc3 dxe4 4. Nxe4 Bf5 5. Ng3 Bg6 6. h4 h6 7. Nf3 Nd7 8. h5 Bh7 9. Bd3 Bxd3 10. Qxd3 e6 11. Bd2 Qc7 12. O-O-O O-O-O 13. Ne4 Ngf6 14. g3 Nc5 15. Nxc5 Bxc5 16. c4 b5 17. Kb1 bxc4 18.
Qxc4 Bd6 19. Rc1 Kd7 20. Bf4 Bxf4 21. gxf4 Ke7 22. Ne5 Kf8 23. Nxc6 Rd6 24. Qc5 Kg8 25. Nxa7 Qd7 26. Nc8 Rxd4 27. Ne7+ Kh7 28. Qc2+ Ne4 29.
Nc6 Rc8 30. f3 Rxc6 31. Qxc6 Nd2+ 32. Ka1 Qa7 33. Qc2+ f5 34. b3 Rd7 35. Rhd1 Qe3 36. Kb2 Qxf4 37. Qc3 Rd4 38. a4 e5 39. a5 Nxf3 40.
a6 Rxd1 41. Rxd1 e4 42. a7 Qh2+ 43. Qc2 Qe5+ 44. Qc3 Qh2+ 45. Qc2 Qe5+ 46. Qc3 Qe8 47. Kb1 e3 48. Qc1 e2 49. Re1 Nxe1 50. Qxe1 Qe4+ 51. Kb2 f4 52. a8=Q Qxa8 53. Qxe2 Qf8 54. Qd3+ Kg8 55. Qf3 Qf5 56. Qa8+ Kf7 57. Qb7+ Kf6 58.
Qc6+ Kg5 59. Qg2+ Qg4 60. Qd5+ Kh4 61. Qh1+ Qh3 62. Qe4 Kg3 63. b4 Qg2+ 64. Qxg2+ Kxg2 65. b5 f3 66. b6 f2 67. b7 f1=Q 68. b8=Q Qe2+ 69.
Kc3 Qxh5 70. Qb7+ Qf3+ 0-1

[Event "*** SCC Grand Prix: Titled Tuesday Blitz"]
[Site "Chess.com"]
[Date "2020.10.06"]
[Round "2"]
[White "QuintilianoR"]
[Black "Parhamov"]
[Result "0-1"]
[WhiteElo "2587"]
[BlackElo "2966"]
[TimeControl "180+1"]
[EndTime "10:19:23 PDT"]
[Termination "Parhamov won on time"]

1. d4 Nf6 2. c4 g6 3. Nf3 Bg7 4. Nc3 d5 5. h4 c5 6. dxc5 Qa5 7.
cxd5 Nbd7 8. g3 Ne4 9. Bd2 Nxd2 10. Nxd2 Nxc5 11. Bg2 Bg4 12. O-O O-O 13. Nb3 Qb4 14. Nxc5 Qxc5 15. Rc1 Qb4 16. Qb3 a5 17. Rfd1 Rac8 18. Qc2 Bh6 19. Rb1 b5 20. Qd3 Bd7 21. d6 Qxd6 22. Qxd6 exd6 23. Rxd6 Be6 24. Nxb5 Bxa2 25. Ra1 Rc1+ 26. Rxc1 Bxc1 27. Ra6 Bxb2 28. Rxa5 Bc4 29. Nd6 Bxe2 30. Bd5 Bd4 31. Ra8 Rxa8 32.
Bxa8 Be5 33. Ne4 Bc4 34. Kg2 Kg7 35. Nd2 Be6 36. Nf3 Bc3 37. Ng5 Bb3 38. Bf3 f5 39. Nh3 h6 40. Nf4 Ba4 41. Nd5 Bd4 42. Nc7 Kf6 43.
Nd5+ Kf7 44. Nf4 g5 45. hxg5 hxg5 46. Nd3 Ke6 47. Ba8 Kd6 48. f4 Bb5 49. Nf2 g4 50. Bb7 Kd7 51. Bd5 Ke7 52. Bb7 Kf6 53. Ba8 Ba4 54.
Bb7 Bc2 55. Ba8 Ke7 56. Bb7 Kd6 57. Bc8 Kc7 58. Be6 Kd6 59. Bc4 Ba4 60. Be2 Bc6+ 61. Kf1 Bd7 62. Kg2 Kd5 63. Bd3 Kc5 64. Nd1 Kb4 65. Nf2 Kc3 66. Be2 Kd2 67. Ba6 Ke3 68. Bb7 Ke2 0-1

[Event "*** SCC Grand Prix: Titled Tuesday Blitz"]
[Site "Chess.com"]
[Date "2020.10.06"]
[Round "2"]
[White "BigAl"]
[Black "Harsha_Bharathakoti"]
[Result "0-1"]
[WhiteElo "2507"]
[BlackElo "2756"]
[TimeControl "180+1"]
[EndTime "10:19:27 PDT"]
[Termination "Harsha_Bharathakoti won on time"]

1. e4 c6 2. d3 d5 3. Nd2 Qc7 4. Ngf3 e5 5. g3 Nf6 6. Bg2 Bd6 7. O-O O-O 8. exd5 cxd5 9. c4 Nc6 10. cxd5 Nxd5 11.
Nc4 Bg4 12. h3 Bh5 13. g4 Bg6 14. Nfxe5 Nxe5 15. Nxe5 Bxe5 16. Bxd5 Rad8 17. Qf3 Qd7 18. Bc4 b5 19. Bb3 Qxd3 20. Qxd3 Bxd3 21. Re1 Rfe8 22. Bg5 Rc8 23. Re3 Bc4 24. Rae1 f6 25. Bh4 Red8 26. Bc2 Bxa2 27. Bf5 Rb8 28. Ra3 Bd5 29.
Rxa7 Ra8 30. Rxa8 Rxa8 31. Rd1 Bf3 32. Rb1 g6 33. Be6+ Kg7 34. Bg3 Bd4 35. Bd6 Re8 36. Bb3 Re2 37. Bg3 Rxb2 38. Rxb2 Bxb2 39. Kf1 Bc3 40.
Bd6 b4 41. Bc4 f5 42. g5 h6 43. h4 hxg5 44. hxg5 Bd2 45. Be5+ Kh7 46. Bf6 Bd1 47. Be2 Bc2 48. Bc4 Bc1 49. Ke1 b3 50. Bxb3 Bxb3 51.
Ke2 Bc4+ 52. Kd1 Bf4 53. Kc2 Kg8 54. Kc3 Be2 55. Kd4 Bf3 56. Kc5 Kf7 57. Kd4 Ke6 58.
Bd8 Be5+ 59. Ke3 Bc6 60. Bf6 Bd6 61. Kd3 Be5 62. Bd8 f4 63. Ke2 Kf5 64. Kd3 f3 65.
Ke3 Be4 66. Bf6 Bf4+ 67. Kd4 Bb7 68. Be7 Bxg5 69. Bd6 Bf6+ 70. Ke3 g5 71. Bg3 g4 72. Kd3 Be5 73. Bh4 Ba6+ 74. Ke3 Bf4+ 75. Kd4 g3 76. Bxg3 Bxg3 77. Ke3 Kg4 0-1

[Event "*** SCC Grand Prix: Titled Tuesday Blitz"]
[Site "Chess.com"]
[Date "2020.10.06"]
[Round "2"]
[White "Bastiandash"]
[Black "Gurvich_Vitaly"]
[Result "1/2-1/2"]
[WhiteElo "2279"]
[BlackElo "2641"]
[TimeControl "180+1"]
[EndTime "10:19:33 PDT"]
[Termination "Game drawn by repetition"]

1. b3 e5 2. Bb2 Nc6 3. e3 d5 4.
Nf3 e4 5. Nd4 Nf6 6. d3 Bd6 7.
c4 exd3 8. Bxd3 Ne5 9. Be2 dxc4 10.
bxc4 Bb4+ 11. Nc3 c5 12. Nb5 O-O 13. O-O a6 14. Qxd8 Rxd8 15. Nc7 Ra7 16. N3d5 Nxd5 17. Nxd5 Nc6 18. Rfd1 Rf8 19. h3 Bf5 20. Bd3 Be6 21. f4 f5 22. Be2 Ba5 23. g4 Raa8 24. Bf3 Rae8 25. Kf2 Kf7 26. Rg1 g6 27. Rad1 Bd8 28.
g5 Be7 29. h4 Rd8 30. h5 Nb4 31. Nxb4 cxb4 32. hxg6+ hxg6 33. Rh1 Rxd1 34. Bxd1 Rd8 35. Bd4 Bxc4 36. Rh7+ Ke6 37. Bf3 Bxa2 38. Rg7 Rxd4 39. exd4 b3 40. Rxg6+ Kf7 41. Rb6 Ba3 42. Bd5+ Kg7 43.
Bxb3 Bb1 44. Rxb7+ Kf8 45. Be6 Be4 46. Ra7 Bb2 47.
Rxa6 Bxd4+ 48. Kg3 Kg7 49. Bc4 Bc3 50. g6 Be1+ 51.
Kh2 Bd2 52. Kg3 Be1+ 53. Kh3 Bf2 54. Re6 Be3 55. Kh4 Bxf4 56. Ra6 Be3 57. Re6 Bf2+ 58. Kh3 Bc5 59. Ra6 Be3 60. Re6 Bf2 61. Ra6 f4 62. Re6 Bf5+ 63. Kg2 Bxe6 64. Bxe6 Bd4 65. Bf5 Kf6 66.
Bd3 Kg5 67. Kf3 Bg7 68. Be4 Kf6 69. Kxf4 Ke7 70. Kg4 Kf8 71. Kf5 Kg8 72. Bd5+ Kh8 73. Bf7 Bc3 74. Ke6 Bg7 75. Kd7 Bb2 76. Kc6 Bg7 77.
Kb5 Bf6 78. Kc4 Kg7 79. Kd3 Bd8 80. Ke2 Bh4 81. Kf1 Bf6 82. Kg2 Be7 83. Kf3 Bf6 84. Ke4 Be7 85. Kf5 Bf6 86. Ke6 Bd4 87. Ke7 Bb2 88.
Kd6 Ba1 89. Kd5 Bf6 90. Ke4 Bh4 91. Kd3 Bf6 92. Ke4 1/2-1/2

[Event "*** SCC Grand Prix: Titled Tuesday Blitz"]
[Site "Chess.com"]
[Date "2020.10.06"]
[Round "2"]
[White "AldokhinIvan"]
[Black "platy3"]
[Result "0-1"]
[WhiteElo "2539"]
[BlackElo "2805"]
[TimeControl "180+1"]
[EndTime "10:19:38 PDT"]
[Termination "platy3 won by resignation"]

1. e4 c5 2. Nf3 Nc6 3. d4 cxd4 4. Nxd4 Nf6 5. Nc3 d6 6. Nde2 g6 7. h3 Bg7 8. g4 O-O 9. Bg2 Rb8 10. a4 a6 11. Ng3 b5 12. axb5 axb5 13. g5 Nd7 14. O-O b4 15. Nd5 Nc5 16. f4 Bd7 17. f5 Be5 18. Ne2 Ra8 19. Bf4 Rxa1 20. Qxa1 Bxf4 21. Nexf4 Ne5 22. f6 e6 23. Ne7+ Kh8 24. Qe1 Nc6 25.
Nxc6 Bxc6 26. Qe3 Qc7 27. h4 e5 28. Nd3 Bb5 29. Ra1 Bxd3 30. cxd3 Rb8 31. h5 Kg8 32. hxg6 hxg6 33. Qh3 Ne6 34. Qe3 Qc5 35. Qxc5 dxc5 36. Ra5 Nxg5 37. Rxc5 Re8 38. Bh3 Nh7 39. Rc6 Rd8 40.
Bf1 Ng5 41. Rb6 Nf3+ 42. Kf2 Nd4 43. Ke3 b3 44. Bh3 Kh7 45. Kd2 g5 46. Bg4 Kg6 47. Ke3 Rh8 48. Bf5+ Nxf5+ 49. exf5+ Kxf5 50. Rxb3 Kxf6 51.
Rb7 Ke6 52. b4 Rh3+ 53. Ke2 Rh2+ 54. Ke3 f5 55. Rb6+ Kd5 56. Rb5+ Kd6 57. Rb6+ Ke7 58. Rb7+ Kd8 59. Rb5 Rh3+ 60. Ke2 Rh2+ 61. Ke3 f4+ 62. Ke4 Re2+ 63. Kf3 Re3+ 64. Kf2 g4 65. d4 g3+ 66. Kg2 e4 67. Rf5 Re2+ 68. Kg1 Rf2 69. b5 e3 70. b6 e2 71. Re5 Rf1+ 72. Kg2 e1=Q 73. Rxe1 Rxe1 74. b7 Rb1 75. Kf3 Rxb7 76. Kxf4 g2 0-1

[Event "*** SCC Grand Prix: Titled Tuesday Blitz"]
[Site "Chess.com"]
[Date "2020.10.06"]
[Round "2"]
[White "albi1999"]
[Black "mishanick"]
[Result "1/2-1/2"]
[WhiteElo "2613"]
[BlackElo "2997"]
[TimeControl "180+1"]
[EndTime "10:19:40 PDT"]
[Termination "Game drawn by repetition"]

1. d4 Nf6 2. c4 e6 3. Nf3 d5 4. g3 Bb4+ 5. Bd2 Be7 6. Bg2 O-O 7.
O-O Nbd7 8. Qc2 c6 9. Rd1 b6 10. b3 a5 11. Bc3 Ba6 12. Nbd2 c5 13. Ne5 cxd4 14. Bxd4 Rc8 15. Qb2 Nc5 16. Rac1 Qc7 17. cxd5 Nxd5 18. Ndc4 Rfd8 19. Rd2 b5 20. Bxd5 Rxd5 21.
Ne3 Rdd8 22. Rdc2 Qb6 23. b4 axb4 24. Qxb4 f6 25. Bxc5 Rxc5 26. Rxc5 fxe5 27. Rc6 Qxc6 28. Rxc6 Bxb4 29. Rxa6 Kf7 30. Rb6 Bc5 31. Rxb5 Bxe3 32. fxe3 Ra8 33. Rb2 Kf6 34. Kf2 Ra3 35. h3 h5 36. Rc2 Kf5 37. Kf3 g5 38. g4+ hxg4+ 39. hxg4+ Kf6 40. Rb2 Ra4 41. e4 Ra3+ 42. e3 Ra4 43.
Rd2 Ke7 44. Rc2 Kd6 45. Rh2 Ke7 46. Rh6 Kf7 47. Rh2 Ra8 48. Rb2 Kf6 49. Kg3 Ra4 50.
Rf2+ Ke7 51. Kf3 Ra8 52. Rb2 Kf6 53. Rc2 Ra3 54. Rd2 Rc3 55. Rb2 Rc1 56. a4 Ra1 57. Rb4 Ra2 58. Rc4 Ke7 59. Rb4 Kd6 60. Rb7 Rxa4 61. Rg7 Ra1 62. Rxg5 Rf1+ 63. Ke2 Rg1 64.
Rg7 Rg2+ 65. Kf3 Rg1 66. Kf2 Ra1 67. g5 Rh1 68. Kg2 Re1 69. Kf3 Rg1 70. g6 Kc6 71. Rg8 Kd6 72. Kf2 Rg5 73. Ke2 Ke7 74. Kf3 Kf6 75.
g7 Rxg7 76. Rxg7 Kxg7 77. Kg4 Kg6 78. Kh4 Kh6 79. Kg4 Kg6 80. Kh4 Kh6 81. Kg4 Kg6 1/2-1/2

[Event "*** SCC Grand Prix: Titled Tuesday Blitz"]
[Site "Chess.com"]
[Date "2020.10.06"]
[Round "2"]
[White "FMKonstantin_Twitch"]
[Black "Smirnov_Pavel"]
[Result "0-1"]
[WhiteElo "2536"]
[BlackElo "2804"]
[TimeControl "180+1"]
[EndTime "10:19:41 PDT"]
[Termination "Smirnov_Pavel won on time"]

1. Nf3 Nf6 2. g3 e6 3. Bg2 d5 4. O-O Be7 5. d4 O-O 6. c3 c6 7. Nbd2 Nbd7 8. Re1 c5 9. e4 cxd4 10. Nxd4 Nc5 11. e5 Nfd7 12. N2b3 Qc7 13. Bf4 a6 14. h4 Re8 15. h5 Nf8 16. Nxc5 Qxc5 17. Rc1 Bd7 18. Nb3 Qc7 19. Bxd5 exd5 20. e6 Qc8 21. exd7 Qxd7 22. Qf3 Ne6 23. Be3 Rad8 24. Nd4 Nc5 25. Rcd1 Bf6 26. h6 Ne4 27. hxg7 Bxg7 28. Nf5 Bf6 29. Bd4 Bxd4 30. Rxd4 Qe6 31. Kg2 Qg6 32. Qf4 b5 33. Red1 Nf6 34. Nh4 Qg7 35. Qf3 Re6 36.
Rf4 Rde8 37. Rh1 Ne4 38. Nf5 Qf8 39. Nd4 Rg6 40. Rf5 Ng5 41. Qxd5 h6 42. Rf4 Rd8 43. Qf5 b4 44. Qxg6+ fxg6 45. Rxf8+ Kxf8 46. Rxh6 Kg7 47. Rh4 bxc3 48. bxc3 Rc8 49. Rg4 Kf6 50. Rf4+ Kg7 51.
Nf3 Ne6 52. Re4 Kf6 53. Re3 Rc5 54. Nd2 Ra5 55. Ne4+ Ke7 56. Kf3 Kd7 57. Rd3+ Ke7 58. Rd2 Ke8 59. Re2 Ke7 60. g4 Kd7 61. Ke3 Kc6 62.
f4 Nc7 63. f5 gxf5 64. gxf5 Rxf5 65. Rd2 Nd5+ 66. Kd4 Nb6 67. c4 Ra5 68. Rh2 Ra4 69. Rc2 Kc7 70. Nd2 Ra3 71. Nb3 Nd7 72. c5 Ra4+ 73. Kd5 Nf6+ 74. Ke5 Ne4 75. c6 Nd6 76. Nd4 Rc4 0-1

[Event "*** SCC Grand Prix: Titled Tuesday Blitz"]
[Site "Chess.com"]
[Date "2020.10.06"]
[Round "2"]
[White "AvitalBor"]
[Black "Unkreativ3"]
[Result "0-1"]
[WhiteElo "2740"]
[BlackElo "2539"]
[TimeControl "180+1"]
[EndTime "10:19:46 PDT"]
[Termination "Unkreativ3 won by checkmate"]

1. e4 c5 2. c3 g6 3. d4 cxd4 4. cxd4 d5 5. exd5 Nf6 6. Nc3 Nxd5 7. Bc4 Nxc3 8. bxc3 Bg7 9. Nf3 O-O 10. O-O Nc6 11.
Re1 Na5 12. Bd3 Be6 13. Bg5 h6 14. Bh4 Re8 15. Bb5 Bd7 16. Qa4 Bxb5 17. Qxb5 Rc8 18. Rac1 b6 19. Ne5 Qc7 20. Bg3 Qb7 21. c4 Nc6 22. Nxc6 Qxc6 23. Qxc6 Rxc6 24. d5 Rcc8 25. h3 Bd4 26. Re4 Bc5 27. Bf4 h5 28. Rce1 f6 29. Be3 Bd6 30. g4 hxg4 31. hxg4 Kf7 32. Kg2 Rh8 33.
Rb1 Rh2+ 34. Kf3 f5 35. gxf5 gxf5 36. Rd4 Rch8 37. Rdd1 R8h3+ 38. Ke2 f4 39. Bd4 f3+ 40. Ke3 Rg2 41. Kd3 Rg4 42. Re1 Rhh4 43. Be5 Rxc4 44. Bxd6 exd6 45. Ke3 Rc3+ 46. Kd2 Ra3 47. Rb2 Rd4+ 48.
Kc2 Rxd5 49. Re4 Rc5+ 50. Kd2 d5 51. Rf4+ Ke6 52. Rf8 Ke5 53. Re8+ Kd4 54. Rf8 Rc7 55. Re8 Ra4 56. Rf8 Ra3 57. Re8 Rg7 58. Rb4+ Kc5 59.
Rb2 Rg2 60. Ke1 Rg1+ 61. Kd2 Ra1 62. Rc8+ Kd6 63. Rcc2 d4 64. Rb3 R1xa2 65. Rxa3 Rxa3 66. Rc8 a5 67. Rd8+ Kc5 68. Rc8+ Kb4 69. Rc6 b5 70.
Rf6 Rc3 71. Rf4 Kc4 72. Rf8 a4 73. Rc8+ Kb3 74. Ra8 a3 75. Ra5 b4 76. Rd5 a2 77.
Ra5 Kb2 78. Ra4 Ra3 79. Rxb4+ Rb3 80. Ra4 a1=Q 81. Rxd4 Qc1# 0-1

[Event "*** SCC Grand Prix: Titled Tuesday Blitz"]
[Site "Chess.com"]
[Date "2020.10.06"]
[Round "2"]
[White "ehrenfeld"]
[Black "SergeyShtyka"]
[Result "1/2-1/2"]
[WhiteElo "2511"]
[BlackElo "2326"]
[TimeControl "180+1"]
[EndTime "10:19:46 PDT"]
[Termination "Game drawn by stalemate"]

1. e4 c5 2. Nc3 Nc6 3. Bb5 Nd4 4. Nf3 Nxb5 5. Nxb5 a6 6. Nc3 e6 7. d4 cxd4 8. Qxd4 d6 9. Bg5 Nf6 10. e5 dxe5 11. Qxd8+ Kxd8 12. Nxe5 Ke8 13. O-O-O Be7 14. Na4 Nd7 15. Bf4 b5 16. Nxd7 Bxd7 17. Nb6 Ra7 18. Rd3 Rb7 19. Nxd7 Rxd7 20. Rhd1 Rxd3 21. Rxd3 f6 22. Bd6 h5 23. Kd2 h4 24. h3 Rh5 25.
Bxe7 Kxe7 26. Kc3 Rg5 27. g4 hxg3 28. fxg3 Rh5 29. g4 Rc5+ 30. Kb3 Rc4 31. c3 e5 32.
Kc2 e4 33. Re3 Ke6 34. b3 Rc8 35. Rxe4+ Kd7 36. Kd3 Rh8 37. Re3 Kd6 38. Ke4 Ke6 39.
Kf4+ Kf7 40. c4 bxc4 41. bxc4 Rc8 42. Rc3 Rc5 43. Ke4 Ke6 44. Kd4 Kd6 45. Ra3 a5 46. Rb3 Re5 47. Rb6+ Kc7 48. Ra6 Kb7 49. Rd6 Kc7 50.
Rd5 Re2 51. Rxa5 Rh2 52. Kc5 Kb7 53. Kb5 Rb2+ 54. Kc5 Rh2 55. Ra3 g6 56. Kd5 f5 57.
gxf5 gxf5 58. Ke5 Rc2 59. Kxf5 Rxc4 60. Rb3+ Ka6 61. a3 Rc5+ 62. Ke4 Rc4+ 63. Kd5 Rh4 64.
Rf3 Ka5 65. Ke5 Rc4 66. Kf5 Rc5+ 67. Kg4 Rc4+ 68. Kg3 Rc8 69. h4 Rg8+ 70. Kh3 Ka4 71. h5 Rh8 72. Kh4 Rh6 73. Kg5 Rh8 74. h6 Rg8+ 75. Kh5 Re8 76. h7 Re5+ 77. Kg6 Re6+ 78. Rf6 Re8 79. Kg7 Re7+ 80. Rf7 Re4 81. h8=Q Kxa3 82. Qh5 Rc4 83. Rf5 Rc2 84. Kg6 Kb2 85. Rg5 Kb3 86. Qg4 Kb2 87. Qe4 Kb1 88. Qxc2+ Ka1 89. Rg3 1/2-1/2

[Event "*** SCC Grand Prix: Titled Tuesday Blitz"]
[Site "Chess.com"]
[Date "2020.10.06"]
[Round "2"]
[White "Misticpikachu"]
[Black "nochewycandy"]
[Result "0-1"]
[WhiteElo "2307"]
[BlackElo "2497"]
[TimeControl "180+1"]
[EndTime "10:19:48 PDT"]
[Termination "nochewycandy won on time"]

1. c4 e6 2. Nf3 Nf6 3. e3 d5 4. Nc3 dxc4 5. Bxc4 c5 6. O-O Nc6 7. d4 cxd4 8. exd4 Be7 9. Re1 O-O 10. Bf4 Nb4 11. a3 Nbd5 12. Nxd5 Nxd5 13. Bg3 b6 14. Ne5 Bb7 15. Rc1 Rc8 16. Bd3 Bf6 17. Rxc8 Qxc8 18. Qh5 g6 19. Qh6 Bg7 20. Qh4 Qd8 21. Qxd8 Rxd8 22.
Rc1 Bh6 23. Rc2 Nf4 24. Bxf4 Bxf4 25. Rc7 Bxe5 26. Rxb7 Rxd4 27. Bf1 Ra4 28. b4 Rxa3 29. b5 Bd4 30. Rd7 Bc5 31. Rd2 Ra1 32. g3 Kf8 33. Kg2 Ke7 34. h4 h5 35. Bc4 Ra4 36. Bf1 Ra3 37.
Bc4 Ra4 38. Bf1 e5 39. Be2 f5 40. Bf3 e4 41. Bd1 Ra3 42. Be2 Ra4 43. Bf1 Bd4 44.
Be2 Kd6 45. Rc2 Bc5 46. Rd2+ Kc7 47. Bd1 Rd4 48. Rxd4 Bxd4 49. Be2 Kd6 50. Kf1 Kc5 51. Ke1 Bc3+ 52. Kd1 Bf6 53. Ke1 Kd4 54. Bf1 Be7 55.
Be2 Bb4+ 56. Kf1 Kc3 57. f3 Kd4 58. Kf2 Bc5 59. Kf1 Ke3 60. fxe4 Kxe4 61. Bc4 Ke5 62. Ke2 Bd4 63. Kf3 Bc3 64. Bf7 Kf6 65. Be8 Be5 66. Bc6 Bd6 67. Bb7 Ke7 68. Ba6 Kd7 69. Bb7 Ke6 70.
Bc6 Ke7 71. Bd5 Bc5 72. Bb3 Bb4 73. Bc4 Ba3 74. Bb3 Bb2 75. Bc4 Be5 76. Bb3 Bb8 77.
Bc4 Kf6 78. Bb3 Bd6 79. Bc4 f4 80. gxf4 Bb4 81. Bd3 Be1 82. Ke4 Bxh4 83. Kf3 Be1 84. Bc4 Bb4 85. Bf1 Bd6 86. Bh3 g5 87. Bc8 g4+ 88. Kg3 Bb8 89. Bd7 Ke7 90. Bc8 Bd6 91. Bf5 Kf6 92. Bd7 Bb4 93. Be8 Be1+ 94. Kg2 h4 95.
Bd7 h3+ 96. Kh2 Bd2 0-1

[Event "*** SCC Grand Prix: Titled Tuesday Blitz"]
[Site "Chess.com"]
[Date "2020.10.06"]
[Round "2"]
[White "kuban1991"]
[Black "suyu28"]
[Result "0-1"]
[WhiteElo "2819"]
[BlackElo "2575"]
[TimeControl "180+1"]
[EndTime "10:19:49 PDT"]
[Termination "suyu28 won on time"]

1. Nf3 d5 2. g3 c6 3. Bg2 Nf6 4. O-O Bf5 5. c4 e6 6. Qb3 Qc7 7. d4 Nbd7 8. Bf4 Qb6 9. Nc3 Be7 10. c5 Qa6 11. Rfc1 b6 12. Bf1 Qb7 13. cxb6 axb6 14.
a4 O-O 15. Nh4 Bg4 16. h3 Bh5 17. g4 Ne4 18. Nxe4 dxe4 19. gxh5 Bxh4 20. Qc2 c5 21.
Bg2 f5 22. Qb3 Qd5 23. Qxd5 exd5 24. e3 Bf6 25. Rc2 cxd4 26. exd4 Rfc8 27. Rxc8+ Rxc8 28.
Be3 Rc2 29. b4 f4 30. Bxf4 Bxd4 31. Rf1 Nf6 32. h6 Nh5 33. Be3 Rc4 34. a5 bxa5 35. bxa5 Bxe3 36. fxe3 Ra4 37. Rb1 Rxa5 38. Rb8+ Kf7 39. Rb7+ Kg6 40. hxg7 Nxg7 41. Rb6+ Kg5 42.
Rb3 Nf5 43. Bf1 Ra1 44. Kf2 Ra2+ 45. Ke1 Kh4 46. Bb5 Kg3 47. Bd7 Nh4 48. Be6 Nf3+ 49.
Kd1 Kf2 50. Kc1 Rd2 51. Bg8 Rd3 52. Rb5 Rxe3 53. Rxd5 h5 54. Rxh5 Rc3+ 55. Kb2 Rc7 56. Bd5 Re7 57. Bxe4 Rxe4 58. Kc3 Rf4 59. Rd5 Kg3 60.
Rd3 Kxh3 61. Kb3 Kg2 62. Rc3 Kf2 63. Rc8 Nd4+ 64. Kc3 Ke3 65. Re8+ Kf3 66. Rd8 Ne2+ 67. Kb3 Ke3 68. Rd3+ Kxd3 69. Kb2 Nd4 70. Ka3 Rf2 71. Kb4 Rc2 72. Ka5 Kc4 73. Kb6 Rh2 74.
Kc7 Rh5 75. Kd6 Rh6+ 76. Ke5 Re6+ 77. Kf4 Kd5 78. Kg5 Re4 79. Kf6 Rf4+ 80. Kg7 Ke6 81.
Kh8 Rg4 0-1

[Event "*** SCC Grand Prix: Titled Tuesday Blitz"]
[Site "Chess.com"]
[Date "2020.10.06"]
[Round "2"]
[White "sergeikim"]
[Black "GiantThresher"]
[Result "0-1"]
[WhiteElo "2521"]
[BlackElo "2784"]
[TimeControl "180+1"]
[EndTime "10:19:52 PDT"]
[Termination "GiantThresher won on time"]

1. d4 d5 2. c4 e6 3. Nc3 c5 4. e3 Nf6 5. Nf3 a6 6. a3 dxc4 7.
Bxc4 b5 8. Ba2 Bb7 9. O-O Nbd7 10. Qe2 cxd4 11. exd4 Be7 12. Rd1 Nb6 13. Ne5 Nbd5 14. Rd3 O-O 15. Rf3 Nxc3 16. Rxc3 Rc8 17. Rg3 Be4 18.
Bh6 Bg6 19. Nxg6 hxg6 20. Be3 Nd5 21. Rh3 Bg5 22. Rd1 Nxe3 23. fxe3 Qc7 24. Bb1 Bh6 25. e4 Rfd8 26. Rhd3 Qb6 27. Kh1 Rd6 28. d5 exd5 29.
exd5 Bg5 30. Qg4 Qd8 31. h3 Rc4 32. Qf3 Qf6 33. Qxf6 gxf6 34. Ba2 Rc2 35. Rb3 Bf4 36.
Bb1 Rc5 37. Be4 Be5 38. Bf3 Rc4 39. Be2 Rc2 40. Bf3 Rxb2 41. Rxb2 Bxb2 42. Rd3 Kf8 43. Kg1 Ke7 44. Kf2 Rd8 45. Ke3 Kd6 46. Kd2 Rc8 47. Rb3 Bd4 48. Kd3 Bc5 49. Rc3 Re8 50.
Kd2 b4 51. Rc4 bxa3 52. Ra4 a5 53. Kd3 Bb4 54. Kc4 a2 55. Rxa2 Re3 56. Kb5 Rc3 57. Re2 Rc5+ 58. Ka4 Rc7 59. Re8 f5 60. Rd8+ Ke5 61.
Re8+ Kf6 62. Rb8 Rc2 63. Rb6+ Ke5 64. Rb7 f6 65. Rb8 g5 66. Re8+ Kf4 67. Re6 g4 68. hxg4 fxg4 69. Re4+ Kf5 70. Rxg4 Ke5 71. Re4+ Kd6 72.
Re6+ Kd7 73. Rxf6 Ra2+ 74. Kb5 Rb2 75. Ka4 Ra2+ 76. Kb5 Bc3 77. Bg4+ Ke7 78. Re6+ Kf7 79. Bh5+ Kg7 80. g4 Rb2+ 81. Kc4 Bf6 0-1

[Event "*** SCC Grand Prix: Titled Tuesday Blitz"]
[Site "Chess.com"]
[Date "2020.10.06"]
[Round "3"]
[White "valeriocarnicelli"]
[Black "Cocaino74"]
[Result "0-1"]
[WhiteElo "2533"]
[BlackElo "2384"]
[TimeControl "180+1"]
[EndTime "10:21:42 PDT"]
[Termination "Cocaino74 won by resignation"]

1. e4 c5 2. Nf3 Nc6 3. d4 cxd4 4. Nxd4 g6 5. Nc3 Bg7 6. Be3 Nf6 7. Nxc6 bxc6 8. e5 Ng8 9. f4 Nh6 10. Qd2 Nf5 11.
Bf2 h5 12. O-O-O d6 13. h3 Qa5 14. Bb5 cxb5 0-1

[Event "*** SCC Grand Prix: Titled Tuesday Blitz"]
[Site "Chess.com"]
[Date "2020.10.06"]
[Round "3"]
[White "AlexeiShirov"]
[Black "StellarChessPro"]
[Result "1-0"]
[WhiteElo "2838"]
[BlackElo "2471"]
[TimeControl "180+1"]
[EndTime "10:23:01 PDT"]
[Termination "AlexeiShirov won by resignation"]

1. e4 g6 2. d4 Bg7 3. Nc3 d6 4. f4 c6 5. Nf3 Nf6 6. e5 dxe5 7. fxe5 Nd5 8. Bd3 Nxc3 9. bxc3 h6 10. Qe2 e6 11. h4 h5 12. Ng5 O-O 13. g4 hxg4 14. h5 Qa5 15. Bd2 f6 16. h6 fxg5 17. hxg7 Rf3 18. Qe4 Rf5 19. Rh8+ Kxg7 20. Qh1 1-0